 Dungeon Crawl Stone Soup version 0.23-a0-307-gc3b755d (webtiles) character file.

5 iamserjio the Grave Robber (level 1, -7/14 HPs)
             Began as a Formicid Necromancer on Oct 10, 2018.
             Mangled by a worm (11 damage)
             ... on level 2 of the Dungeon.
             The game lasted 00:02:10 (241 turns).

iamserjio the Grave Robber (Formicid Necromancer)    Turns: 241, Time: 00:02:11

Health: -7/14      AC:  2    Str: 12    XL:     1   Next: 88%
Magic:  0/3        EV: 12    Int: 14    God:
Gold:   42         SH:  0    Dex: 11    Spells: 3/4 levels left

rFire    . . .     SeeInvis +     - Unarmed
rCold    . . .     Gourm    .   (no shield)
rNeg     . . .     Faith    .   a - +0 robe
rPois    .         Spirit   .   (helmet unavailable)
rElec    .         Reflect  .   (no cloak)
rCorr    .         Harm     .   (no gloves)
MR       .....                  (no boots)
Stlth    ++........             (no amulet)
HPRegen  0.04/turn              (no ring)
MPRegen  0.08/turn              (no ring)

@: no status effects
A: permanent stasis, dig shafts and tunnels, four strong arms, antennae 3
a: Dig, Shaft Self


You were on level 2 of the Dungeon.
You were not hungry.

You visited 1 branch of the dungeon, and saw 2 of its levels.

You collected 42 gold pieces.

Inventory:

Armour
 a - a +0 robe (worn)
Potions
 b - a potion of curing {unknown}
 d - a potion of ambrosia {unknown}
Comestibles
 c - 3 rations


   Skills:
 + Level 0.6 Fighting
 - Level 1.7 Dodging
 - Level 2.4 Stealth
 * Level 1.0 Unarmed Combat
 - Level 2.1 Spellcasting
 - Level 4.0 Necromancy


You had 3 spell levels left.
You knew the following spells:

 Your Spells              Type           Power        Failure   Level  Hunger
a - Pain                  Necr           ##..         4%          1    #......

Your spell library contained the following spells:

 Spells                   Type           Power        Failure   Level  Hunger
 Animate Skeleton         Necr           N/A          4%          1    #......
 Vampiric Draining        Necr           ##........   14%         3    ###....
 Regeneration             Chrm/Necr      #.........   30%         3    ###....
 Animate Dead             Necr           N/A          41%         4    #####..


Dungeon Overview and Level Annotations

Branches:
Dungeon (1/15)

Altars:
Wu Jian


Innate Abilities, Weirdness & Mutations

You cannot be hasted, slowed, berserked, paralysed or teleported.
You can dig through walls and to a lower floor.
Your four strong arms can wield two-handed weapons with a shield.
You have a pair of large antennae on your head. (SInv)


Message History

Aim: a worm (lightly wounded, chance to defeat MR: 76%)
The worm writhes in agony!
You hit the worm but do no damage. The worm bites you.
You hit the worm but do no damage. The worm closely misses you.
You hit the worm. You hit the worm but do no damage.
The worm barely misses you.
You hit the worm. You hit the worm. The worm bites you.
You barely miss the worm. You hit the worm. The worm closely misses you.
You barely miss the worm. The worm misses you.
You barely miss the worm. You hit the worm. The worm bites you.
Casting: Pain (safe; 4% risk of failure)
Aiming: Pain (safe; 4% risk of failure)
Aim: a worm (heavily wounded, chance to defeat MR: 76%)
The worm writhes in agony!
You barely miss the worm. The worm bites you!
Ouch! That really hurt!
You die...

## ### #. #.. ###.
#.# #... {#.# #...
#)# ######< ... #.#
.......
#w#####.####...(...
#.@....>...........
#######.##.......!.
#.##.##.####.
#.##.##.####.
#..._.......
####.##..#.#
#######.........##
#.........##......
#<........##..#.##


You could see a worm.

Vanquished Creatures
  2 goblins (D:2)
  A jackal (D:1)
  A bat (D:2)
  A rat (D:2)
5 creatures vanquished.

Notes
Turn   | Place    | Note
-------+----------+-------------------------------------------
     0 | D:1      | iamserjio the Formicid Necromancer began the quest for the
                  | Orb.
     0 | D:1      | Reached XP level 1. HP: 13/13 MP: 3/3
    21 | D:1      | You fall through a shaft!
   192 | D:2      | Reached skill level 1 in Unarmed Combat
   202 | D:2      | Found an ornate altar of the Wu Jian Council.
   241 | D:2      | Mangled by a worm

Vault maps used:
D:1:      lordsloth_arrival_two_stooges, minmay_shallow_snake_nest
D:2:      nicolae_overflow_hidden_temple, lemuel_crystal_altar, first_ration,
          uniq_terence

Skill      XL: |  1 |
---------------+----+-----
Unarmed Combat | 1 |  1.0
Fighting       | |  0.6
Dodging        | |  1.7
Stealth        | |  2.4
Spellcasting   | |  2.1
Necromancy     | |  4.0

Action                   || total
-------------------------++-------
Melee: Unarmed           ||    14
 Cast: Pain              ||    10
 Abil: Dig               ||     1
       Shaft Self        ||     1
Dodge: Dodged            ||     9

Table legend:
 A = Non-vault XP
 B = Vault XP
 C = Vault XP percentage of total XP
 D = Non-vault monster count
 E = Vault monster count
 F = Vault count percentage of total count
                 A         B        C        D         E       F
            +---------+---------+-------+---------+---------+-------
      Total |       8 |       0 |   0.0 |       5 |       0 |   0.0
            +---------+---------+-------+---------+---------+-------
        D:1 |       2 |       0 |   0.0 |       1 |       0 |   0.0
        D:2 |       6 |       0 |   0.0 |       4 |       0 |   0.0
            +---------+---------+-------+---------+---------+-------
